 Dungeon Crawl Stone Soup version 0.27.1-33-g824d729ab1 (webtiles) character file.

Game seed: 6734899138377634864

8392 jlumianski the Protected (level 11, 0/68 HPs)
             Began as a Gargoyle Monk on Dec 15, 2021.
             Was an Elder of Wu Jian.
             Splashed by an acid dragon's acid (14 damage)
             ... on level 10 of the Dungeon on Dec 16, 2021.
             The game lasted 00:38:46 (10973 turns).

jlumianski the Protected (Gargoyle Monk)           Turns: 10973, Time: 00:38:47

Health: 0/68       AC: 20    Str: 17    XL:     11   Next: 30%
Magic:  11/11      EV:  9    Int: 15    God:    Wu Jian [****..]
Gold:   452        SH:  0    Dex: 18    Spells: 10/10 levels left

rFire    . . .     SeeInvis .   o - +6 dagger (elec)
rCold    . . .     Faith    .   (no shield)
rNeg     + . .     Spirit   .   E - +3 chain mail
rPois    ∞         Reflect  .   p - +2 helmet {Int+3}
rElec    +         Harm     .   I - +1 cloak
rCorr    .         Rampage  .   l - +2 pair of gloves
Will     .....                  (no boots)
Stlth    ..........             R - amulet of regeneration
HPRegen  1.21/turn              j - +6 ring of dexterity
MPRegen  0.12/turn              (no ring)

@: corroded
A: sickness immunity, AC +8, negative energy resistance 1, electricity
resistance, torment resistance 1, petrification resistance
a: Renounce Religion, Wall Jump, Serpent's Lash


You were on level 10 of the Dungeon.
You worshipped Wu Jian.
Wu Jian was greatly pleased with you.
You visited 1 branch of the dungeon, and saw 11 of its levels.

You collected 669 gold pieces.
You spent 217 gold pieces at shops.

Inventory:

Hand Weapons
 a - a +0 hand axe
 e - a +0 hunting sling
 g - a +2 dagger of venom
 i - a +0 war axe
 m - a +2 flail of holy wrath
 o - a +6 dagger of electrocution (weapon)
 u - a +4 vampiric short sword
 A - a +4 glaive of venom
 G - a +1 vorpal mace
 J - a +3 mace of protection
 M - a +0 broad axe
 Q - a +5 morningstar of freezing
 S - a +4 battleaxe
Missiles
 d - 223 stones
 f - 6 silver javelins
 h - 53 poisoned darts (quivered)
 r - 70 bolts
 t - 7 boomerangs
 D - 27 sling bullets
Armour
 b - a +0 robe
 c - a +0 chain mail
 l - a +2 pair of gloves (worn)
 p - a +2 helmet of intelligence (worn)
 E - a +3 chain mail (worn)
 I - a +1 cloak (worn)
 Y - +0 acid dragon scales
Magical Staves
 s - a staff of air
Jewellery
 j - a +6 ring of dexterity (left hand)
 y - an amulet of faith
 R - an amulet of regeneration (around neck)
 U - a ring of ice
Wands
 C - a wand of acid (17)
 N - a wand of flame (50)
 O - a wand of digging (5)
 P - a wand of iceblast (10)
Scrolls
 B - 5 scrolls of teleportation
 F - a scroll of blinking
 H - a scroll of amnesia
 K - 3 scrolls of summoning
 L - 3 scrolls of magic mapping
 T - a scroll of immolation
Potions
 k - a potion of flight
 n - 2 potions of ambrosia
 q - 3 potions of resistance
 v - 3 potions of attraction
 x - a potion of berserk rage
 z - 5 potions of degeneration
 W - 2 potions of invisibility
 X - 2 potions of cancellation


   Skills:
 + Level 8.1 Fighting
 + Level 9.6 Short Blades
 + Level 3.2 Axes
 + Level 2.2 Throwing
 + Level 10.8 Armour
 + Level 4.4 Dodging
 + Level 4.3 Stealth


You had 10 spell levels left.
You didn't know any spells.
Your spell library contained the following spells:

 Spells                   Type           Power      Damage    Failure   Level
 Corona                   Hex            0%         N/A       94%         1
 Ensorcelled Hibernation  Hex/Ice        0%         N/A       98%         2
 Tukima's Dance           Hex            0%         N/A       100%        3


Dungeon Overview and Level Annotations

Branches:
Dungeon (11/15)            Temple (0/1) D:7
   Lair: D:8-11         Orc: D:9-12

Altars:
Ashenzari
Cheibriados
Dithmenos
Elyvilon
Kikubaaqudgha
Makhleb
Trog
Uskayaw
Vehumet
Wu Jian
Yredelemnul
The Shining One

Shops:
D:1 [   D:5 ([?


Innate Abilities, Weirdness & Mutations

You are immune to sickness and miasma.
Your stone body is resilient. (AC +8)
You are immune to poison.
You resist negative energy. (rN+)
You are resistant to electric shocks. (rElec)
You are resistant to unholy torment.
You are immune to petrification.


Message History

The acid corrodes you!
You are splashed with acid!
You hit the acid dragon but do no damage.
The acid dragon is heavily wounded.
You hit the acid dragon but do no damage.
The acid dragon is heavily wounded.
The acid dragon closely misses you.
The acid dragon claws you but does no damage.
You barely miss the acid dragon.
The acid dragon is heavily wounded.
You hit the acid dragon but do no damage.
The acid dragon is heavily wounded.
The acid dragon closely misses you.
The acid dragon claws you but does no damage.
You closely miss the acid dragon.
The acid dragon is heavily wounded.
The acid dragon spits acid at you.
The splash of acid hits you but does no damage.
The acid corrodes you!
You are splashed with acid!!
* * * LOW HITPOINT WARNING * * *
You hit the acid dragon but do no damage.
The acid dragon is heavily wounded.
You hit the acid dragon but do no damage.
The acid dragon is heavily wounded.
The acid dragon bites you but does no damage.
The acid dragon claws you but does no damage.
You feel much better. The acid dragon spits acid at you.
The splash of acid hits you but does no damage.
The acid corrodes you!
You are splashed with acid!
* * * LOW HITPOINT WARNING * * *
Aiming: Corrosive Bolt
Press: ? - help, Shift-Dir - straight line, f - acid dragon
Aim: an acid dragon (heavily wounded, 71% to hit)
The bolt of acid hits the acid dragon.
The acid dragon is heavily wounded.
The acid dragon spits acid at you. The splash of acid hits you.
* * * LOW HITPOINT WARNING * * *
You are splashed with acid!
You die...

#........!..#
#.≈≈≈≈≈≈≈...#
#...≈≈≈≈≈≈..#
#.8...._≈≈..# #
##...≈≈≈≈≈≈..# .##
#..≈≈≈≈≈≈≈...# ...###
####............# ......
.........@....#
##.#.#########..D##..#
...#.##...##...#..#..#.#
#.......#....####....#.#
###...##♣♣♣♣## ♣♣♣....#
##.##♣.♣ #♣♣.♣♣...###
#.##..♣♣♣♣♣♣..♣.♣....>#
#.##♣♣.♣..♣....♣..#.#.#
#.#♣..♣..♣.#....♣.♣...#


You could see an acid dragon (catching breath).

Vanquished Creatures
  A two-headed ogre (D:9)
  Maggie (D:9)
  2 trolls
  A hornet (D:9)
  A shadow (D:10)
  9 yaks
  2 wyverns
  Menkaure (D:7)
  2 acid dragons
  A water moccasin (D:8)
  Duvessa (D:5)
  2 orc warriors
  A sky beast (D:5)
  A hornet zombie (D:6)
  2 black bears (D:6)
  2 ogres
  2 ice beasts (D:5)
  3 necrophages
  2 centaurs (D:5)
  A phantom (D:6)
  A kobold brigand (D:7)
  Blork the orc (D:4)
  A bullfrog (D:8)
  3 scorpions
  Dowan (D:5)
  31 killer bees (D:10)
  9 wights
  A howler monkey (D:9)
  4 centaur zombies
  A bullfrog zombie (D:6)
  5 jellies
  A centaur skeleton (D:5)
  Crazy Yiuf (D:5)
  An iguana (D:6)
  4 orc priests
  Natasha (thrice) (D:2)
  4 orc wizards
  A hound skeleton (D:4)
  3 howler monkey zombies
  Robin (D:2)
  4 adders
  A shadow imp (D:3)
  A white imp (D:6)
  An adder skeleton (D:5)
  2 worms
  2 dart slugs
  52 orcs
  8 ball pythons
  5 endoplasms
  5 giant cockroaches
  16 goblins
  10 hobgoblins
  A quokka (D:1)
  A bat (D:1)
  4 frilled lizards
  14 kobolds
  3 rats (D:3)
245 creatures vanquished.

Notes
Turn   | Place    | Note
-------+----------+-------------------------------------------
     0 | D:1      | jlumianski the Gargoyle Monk began the quest for the Orb.
     0 | D:1      | Reached XP level 1. HP: 14/14 MP: 1/1
   317 | D:1      | Reached XP level 2. HP: 10/19 MP: 2/2
   555 | D:1      | Found Noefuikuis's Antique Armour Shoppe.
   939 | D:2      | Reached XP level 3. HP: 22/24 MP: 3/3
   990 | D:2      | Noticed Robin
  1112 | D:2      | Killed Robin
  1354 | D:2      | Reached XP level 4. HP: 27/29 MP: 4/4
  1428 | D:2      | Noticed Natasha
  1434 | D:2      | Killed Natasha
  1435 | D:2      | Reached skill level 1 in Short Blades
  1664 | D:2      | Noticed Natasha
  1676 | D:2      | Killed Natasha
  1677 | D:2      | Reached skill level 1 in Armour
  1842 | D:2      | Noticed Natasha
  1847 | D:2      | Killed Natasha
  1848 | D:2      | Reached XP level 5. HP: 24/33 MP: 5/5
  2495 | D:3      | Found a faded altar of an unknown god.
  2922 | D:4      | Found a basalt altar of Yredelemnul.
  2922 | D:4      | Found an ancient bone altar of Kikubaaqudgha.
  2924 | D:4      | Found a broken altar of Ashenzari.
  2984 | D:4      | Noticed Blork the orc
  3000 | D:4      | Killed Blork the orc
  3001 | D:4      | Reached skill level 2 in Armour
  3001 | D:4      | Reached XP level 6. HP: 37/38 MP: 6/6
  4190 | D:5      | Entered Level 5 of the Dungeon
  4241 | D:5      | Reached XP level 7. HP: 44/44 MP: 7/7
  4375 | D:5      | Reached skill level 3 in Armour
  4454 | D:5      | Found Miequit's Magic Scroll Boutique.
  4460 | D:5      | Bought a scroll of blinking for 105 gold pieces
  4460 | D:5      | Bought a scroll of identify for 28 gold pieces
  4460 | D:5      | Bought a scroll of identify for 28 gold pieces
  4460 | D:5      | Bought a scroll of identify for 28 gold pieces
  4460 | D:5      | Bought a scroll of identify for 28 gold pieces
  4533 | D:5      | Identified the +1 robe of the Moon Troll {Int+4}
  4573 | D:5      | Reached skill level 4 in Armour
  4846 | D:5      | Reached XP level 8. HP: 30/48 MP: 8/8
  4987 | D:5      | Found Exoac's Armour Shop.
  5028 | D:5      | Reached skill level 5 in Short Blades
  5028 | D:5      | Reached skill level 5 in Armour
  5174 | D:5      | Found Saoff's Antique Weapon Boutique.
  5175 | D:5      | Noticed Dowan
  5175 | D:5      | Noticed Duvessa
  5180 | D:5      | Reached skill level 1 in Throwing
  5208 | D:5      | Killed Dowan
  5218 | D:5      | Killed Duvessa
  5533 | D:5      | Reached skill level 5 in Fighting
  5691 | D:5      | Found a runed translucent door.
  5692 | D:5      | Noticed Crazy Yiuf
  5701 | D:5      | Killed Crazy Yiuf
  5842 | D:6      | Reached skill level 6 in Armour
  6109 | D:6      | Found a hide-covered altar of Uskayaw.
  6130 | D:6      | Reached XP level 9. HP: 54/54 MP: 9/9
  6228 | D:6      | Found an ornate altar of the Wu Jian Council.
  6238 | D:6      | Became a worshipper of the Wu Jian Council
  6238 | D:6      | Reached * piety under Wu Jian
  6238 | D:6      | Reached ** piety under Wu Jian
  6482 | D:6      | Reached skill level 7 in Armour
  6697 | D:6      | Found a glowing golden altar of the Shining One.
  7320 | D:7      | Found a staircase to the Ecumenical Temple.
  7577 | D:7      | Found a burning altar of Makhleb.
  7648 | D:7      | Noticed Menkaure
  7653 | D:7      | Killed Menkaure
  7755 | D:7      | Found a bloodstained altar of Trog.
  8557 | D:8      | Reached skill level 8 in Armour
  8728 | D:8      | Found a shadowy altar of Dithmenos.
  9098 | D:8      | Reached *** piety under Wu Jian
  9117 | D:8      | Reached XP level 10. HP: 58/60 MP: 10/10
  9588 | D:10     | Entered Level 10 of the Dungeon
  9721 | D:9      | Reached skill level 9 in Armour
  9799 | D:9      | Noticed a two-headed ogre
  9828 | D:9      | Killed a two-headed ogre
 10160 | D:9      | Noticed Maggie
 10169 | D:9      | Killed Maggie
 10465 | D:10     | Found a radiant altar of Vehumet.
 10483 | D:10     | Found a snail-covered altar of Cheibriados.
 10542 | D:10     | Reached skill level 10 in Armour
 10555 | D:10     | Reached **** piety under Wu Jian
 10559 | D:10     | Reached XP level 11. HP: 67/68 MP: 11/11
 10943 | D:10     | Found a white marble altar of Elyvilon.
 10973 | D:10     | Splashed by an acid dragon's acid

Illustrated notes

Levels and vault maps discovered:
D:1:      evilmike_arrival_rings, layout_rooms, serial_shops,
          nicolae_square_shop
D:2:      layout_rooms, amcnicky_mini_pool_small, uniq_natasha, uniq_robin
D:3:      layout_basic, basic_ecumenical_altar
D:4:      layout_layer_cave, gammafunk_temple_overflow_forgotten, sigmund_army,
          uniq_blork_the_orc
D:5:      layout_basic, serial_shops, nicolae_diamond_shop, shop, shop,
          uniq_duvessa, uniq_crazy_yiuf_cottage
D:6:      layout_loops_cross, nicolae_uskayaw_suspiria,
          nicolae_tso_carved_into_rock, mainiacjoe_overflow_paths,
          minmay_misc_feat_rugged
D:7:      layout_layer_cave, mainiacjoe_overflow_surrounded_room, bloody_trog,
          temple_hall, uniq_menkaure
D:8:      layout_basic, kennysheep_mini_moat, grunt_ministairs_6
D:9:      layout_roguey, uniq_maggie
D:10:     wad_woods_minihive, layout_basic, mainiacjoe_overflow_tiny_flanked,
          mainiacjoe_overflow_six_doors_small, mainiacjoe_overflow_catwalk,
          minmay_misc_feat_more_columns
D:11:     layout_loops_cross, lair_entry_dummy, serial_shops, shop,
          serial_undead, serial_undead_f, serial_undead_b, serial_undead_d,
          serial_undead_e

Skill      XL: |  1  2  3  4  5  6  7  8  9 10 11 |
---------------+----------------------------------+-----
Axes           | 3 |  3.2
Fighting       | 4 5 6 7 8 |  8.1
Short Blades   | 1 2 3 4 6 8 9 |  9.6
Stealth        | 3 4 |  4.3
Armour         | 1 2 4 6 8 10 | 10.8
Dodging        | 3 4 |  4.4
Throwing       | 1 2 |  2.2

Action                   |  1- 3 |  4- 6 |  7- 9 | 10-12 || total
-------------------------+-------+-------+-------+-------++-------
Melee: Hand axe          |    12 |       |       |       ||    12
       Dagger            |    91 |   125 |   363 |   385 ||   964
Throw: Dart              |       |     5 |    11 |     7 ||    23
Invok: Lunge             |       |       |    19 |    13 ||    32
       Whirlwind         |       |       |    12 |    19 ||    31
 Abil: Wall Jump         |       |       |    14 |    25 ||    39
Evoke: Wand              |       |       |       |     1 ||     1
  Use: Scroll            |       |     6 |     9 |     5 ||    20
       Potion            |       |     2 |     3 |     1 ||     6
 Stab: Sleeping          |     4 |       |       |       ||     4
Armor: Robe              |    11 |       |       |       ||    11
       Chain mail        |    53 |    62 |   204 |   208 ||   527
Dodge: Dodged            |    38 |    42 |   105 |   148 ||   333
